GCL
ATLANTA (GCL) BRAVES @ BALTIMORE (GCL) ORIOLES
09/15/2098
 
TOP OF THE 1ST
Atlanta (GCL) Braves batting - Pitching for Baltimore (GCL) Orioles : RHP Felipe Pieters
Pitching: RHP Felipe Pieters
Batting: LHB Tony Nunez 0-0: Called Strike
0-1: Ball
1-1: Reached on error, E5 (Groundball, 5, EV 85.0 MPH)
Batting: RHB Chris Bjork 0-0: SINGLE (Line Drive, 89S, EV 93.1 MPH)
Tony Nunez to second
Runner from 2nd tries for 3rd, SAFE, no throw by CF
Batting: SHB Vincent Santos 0-0: Swinging Strike
0-1: Foul Ball, location: 2F
0-2: Fly out, F7 (Line Drive, 7S, EV 102.5 MPH)
Runner from 3rd tags up, SCORES, throw by LF
Batting: RHB Luiz Innis 0-0: Ball
1-0: Foul Ball, location: 5FF
1-1: Foul Ball, location: 5SF
1-2: Fly out, F9 (Flyball, 9, EV 93.1 MPH)
Batting: RHB Dan Sullivan 0-0: Ball
1-0: Ball
2-0: Swinging Strike
2-1: Foul Ball, location: 25F
2-2: Strikes out swinging
Top of the 1st over - 1 run, 1 hit, 1 error, 1 left on base; Atlanta (GCL) 1 - Baltimore (GCL) 0
BOTTOM OF THE 1ST
Baltimore (GCL) Orioles batting - Pitching for Atlanta (GCL) Braves : LHP Andres Olmos
Pitching: LHP Andres Olmos
Batting: RHB Melvin Paredes 0-0: Ball
1-0: Ball
2-0: SINGLE (Groundball, 4MD, EV 106.3 MPH)
Batting: RHB Edwin Santiago 0-0: Called Strike
0-1: Fly out, F8 (Flyball, 8RD, EV 93.8 MPH)
Batting: RHB Francisco Ferrer 0-0: Ball
1-0: Called Strike
1-1: Ball
2-1: SINGLE (Groundball, 34, EV 106.9 MPH)
Melvin Paredes to second
Runner from 2nd tries for 3rd, SAFE, throw by RF made to third
Batting: SHB Jason Massey 0-0: Ball
1-0: Grounds into double play, 4-6-3 (Groundball, 4, EV 102.5 MPH)
Bottom of the 1st over - 0 runs, 2 hits, 0 errors, 1 left on base; Atlanta (GCL) 1 - Baltimore (GCL) 0
TOP OF THE 2ND
Atlanta (GCL) Braves batting - Pitching for Baltimore (GCL) Orioles : RHP Felipe Pieters
Batting: RHB Andy Vargas 0-0: Called Strike
0-1: Ball
1-1: Ground out 6-3 (Groundball, 56D, EV 96.9 MPH)
Batting: RHB Alan Combs 0-0: Ball
1-0: Ball
2-0: Ground out 6-3 (Groundball, 6, EV 105.6 MPH)
Batting: RHB Josh Orrick 0-0: Ball
1-0: Ball
2-0: SINGLE (Groundball, 34D, EV 103.8 MPH)
Batting: RHB Jim Unknown 0-0: Ball
1-0: Foul Ball, location: 7LMFF
1-1: Ball
2-1: Ball
Wild Pitch!
Josh Orrick to second
3-1: Swinging Strike
3-2: Ground out 5-3 (Groundball, 5, EV 89.4 MPH)
Top of the 2nd over - 0 runs, 1 hit, 0 errors, 1 left on base; Atlanta (GCL) 1 - Baltimore (GCL) 0
BOTTOM OF THE 2ND
Baltimore (GCL) Orioles batting - Pitching for Atlanta (GCL) Braves : LHP Andres Olmos
Batting: RHB Mike Perkins 0-0: Ball
1-0: Called Strike
1-1: Called Strike
1-2: Strikes out swinging
Batting: RHB Jim Unknown 0-0: Ball
1-0: Called Strike
1-1: Ball
2-1: Swinging Strike
2-2: Ground out 6-3 (Groundball, 56, EV 106.3 MPH)
Batting: RHB Lionardo Gloria 0-0: Called Strike
0-1: Swinging Strike
0-2: Ball
1-2: Foul Ball, location: 5FF
1-2: DOUBLE (Flyball, 8LD, EV 109.4 MPH)
Batting: RHB Enrique Castaneda 0-0: Called Strike
0-1: Ball
1-1: Ground out 1-3 (Groundball, 25, EV 72.5 MPH)
Bottom of the 2nd over - 0 runs, 1 hit, 0 errors, 1 left on base; Atlanta (GCL) 1 - Baltimore (GCL) 0
TOP OF THE 3RD
Atlanta (GCL) Braves batting - Pitching for Baltimore (GCL) Orioles : RHP Felipe Pieters
Batting: LHB Tony Nunez 0-0: Ball
1-0: Foul Ball, location: 2F
1-1: Foul Ball, location: 9LMF
1-2: Ball
2-2: DOUBLE (Flyball, 89D, EV 110.6 MPH)
Batting: RHB Chris Bjork 0-0: Ball
1-0: Foul Ball, location: 2F
1-1: Ball
2-1: Ball
3-1: Ground out 4-3 (Groundball, 34, EV 103.1 MPH)
Tony Nunez to third
Batting: SHB Vincent Santos 0-0: Swinging Strike
0-1: Ball
1-1: Foul Ball, location: 2LF
1-2: Foul Ball, location: 23F
1-2: Strikes out swinging
Batting: RHB Luiz Innis 0-0: Ball
1-0: Foul Ball, location: 2F
1-1: Foul Ball, location: 23FF
1-2: Strikes out looking
Top of the 3rd over - 0 runs, 1 hit, 0 errors, 1 left on base; Atlanta (GCL) 1 - Baltimore (GCL) 0
BOTTOM OF THE 3RD
Baltimore (GCL) Orioles batting - Pitching for Atlanta (GCL) Braves : LHP Andres Olmos
Batting: RHB Danny Santiago 0-0: Ground out 1-3 (Groundball, 13, EV 61.9 MPH)
Batting: RHB Melvin Paredes 0-0: Called Strike
0-1: Ball
1-1: Called Strike
1-2: Strikes out swinging
Batting: RHB Edwin Santiago 0-0: SINGLE (Line Drive, 6MD, EV 94.4 MPH)
Batting: RHB Francisco Ferrer 0-0: Ball
1-0: Ball
2-0: Swinging Strike
2-1: Foul Ball, location: 23FF
2-2: Fly out, F7 (Flyball, 7, EV 94.4 MPH)
Bottom of the 3rd over - 0 runs, 1 hit, 0 errors, 1 left on base; Atlanta (GCL) 1 - Baltimore (GCL) 0
TOP OF THE 4TH
Atlanta (GCL) Braves batting - Pitching for Baltimore (GCL) Orioles : RHP Felipe Pieters
Batting: RHB Dan Sullivan 0-0: Foul Ball, location: 2F
0-1: Ball
1-1: Ground out U3 (Groundball, 3S, EV 85.6 MPH)
Batting: RHB Andy Vargas 0-0: Swinging Strike
0-1: Swinging Strike
0-2: Foul Ball, location: 2RF
0-2: Ball
1-2: Ball
2-2: Strikes out swinging
Batting: RHB Alan Combs 0-0: Called Strike
0-1: Ball
1-1: Ball
2-1: Foul Ball, location: 9LMF
2-2: Strikes out swinging
Top of the 4th over - 0 runs, 0 hits, 0 errors, 0 left on base; Atlanta (GCL) 1 - Baltimore (GCL) 0
BOTTOM OF THE 4TH
Baltimore (GCL) Orioles batting - Pitching for Atlanta (GCL) Braves : LHP Andres Olmos
Batting: SHB Jason Massey 0-0: Foul Ball, location: 9LMF
0-1: Ball
1-1: Foul Ball, location: 2F
1-2: Fly out, F8 (Flyball, 8RS, EV 92.5 MPH)
Batting: RHB Mike Perkins 0-0: Ball
1-0: SINGLE (Line Drive, 89S, EV 96.3 MPH)
Batting: RHB Jim Unknown 0-0: Grounds into double play, 5-4-3 (Groundball, 5, EV 89.4 MPH)
Bottom of the 4th over - 0 runs, 1 hit, 0 errors, 0 left on base; Atlanta (GCL) 1 - Baltimore (GCL) 0
TOP OF THE 5TH
Atlanta (GCL) Braves batting - Pitching for Baltimore (GCL) Orioles : RHP Felipe Pieters
Batting: RHB Josh Orrick 0-0: Fly out, F8 (Flyball, 89S, EV 88.8 MPH)
Batting: RHB Jim Unknown 0-0: Ball
1-0: Called Strike
1-1: Called Strike
1-2: Strikes out swinging
Batting: LHB Tony Nunez 0-0: Fly out, F8 (Flyball, 8RM, EV 85.6 MPH)
Top of the 5th over - 0 runs, 0 hits, 0 errors, 0 left on base; Atlanta (GCL) 1 - Baltimore (GCL) 0
BOTTOM OF THE 5TH
Baltimore (GCL) Orioles batting - Pitching for Atlanta (GCL) Braves : LHP Andres Olmos
Batting: RHB Lionardo Gloria 0-0: Foul Ball, location: 3FF
0-1: Fly out, F7 (Flyball, 78D, EV 93.8 MPH)
Batting: RHB Enrique Castaneda 0-0: Called Strike
0-1: Foul Ball, location: 5F
0-2: Strikes out swinging
Batting: RHB Danny Santiago 0-0: Ball
1-0: Foul Ball, location: 9LSF
1-1: Ball
2-1: Swinging Strike
2-2: Foul Ball, location: 25F
2-2: Foul Ball, location: 2F
2-2: Ball
3-2: Base on Balls
Batting: RHB Melvin Paredes 0-0: Called Strike
0-1: Ball
1-1: Ball
2-1: Ball
3-1: Foul Ball, location: 9LSF
3-2: SINGLE (Line Drive, 7S, EV 105.0 MPH)
Danny Santiago to second
Danny Santiago to third
Batting: RHB Edwin Santiago 0-0: Foul Ball, location: 2F
0-1: Ball
Melvin Paredes steals 2nd base
1-1: Ball
2-1: Foul Ball, location: 9LMF
2-2: Ball
3-2: Strikes out swinging
Bottom of the 5th over - 0 runs, 1 hit, 0 errors, 2 left on base; Atlanta (GCL) 1 - Baltimore (GCL) 0
TOP OF THE 6TH
Atlanta (GCL) Braves batting - Pitching for Baltimore (GCL) Orioles : RHP Felipe Pieters
Batting: RHB Chris Bjork 0-0: Called Strike
0-1: Foul Ball, location: 2LF
0-2: SINGLE (Groundball, 6MD, EV 100.0 MPH)
Batting: SHB Vincent Santos 0-0: Ball
1-0: Ball
2-0: Swinging Strike
2-1: Ball
3-1: Foul Ball, location: 7LMF
3-2: Strikes out looking
Chris Bjork steals 2nd base
Batter strikes out.
Pitching: RHP Carlos Moreno
Batting: RHB Luiz Innis 0-0: Ball
1-0: Ground out 1-3 (Groundball, P, EV 76.3 MPH)
Batting: RHB Dan Sullivan 0-0: Ball
1-0: Ground out 6-3 (Groundball, 56, EV 101.3 MPH)
Top of the 6th over - 0 runs, 1 hit, 0 errors, 1 left on base; Atlanta (GCL) 1 - Baltimore (GCL) 0
BOTTOM OF THE 6TH
Baltimore (GCL) Orioles batting - Pitching for Atlanta (GCL) Braves : LHP Andres Olmos
Batting: RHB Francisco Ferrer 0-0: Ground out 5-3 (Groundball, 5S, EV 91.3 MPH)
Batting: SHB Jason Massey 0-0: Swinging Strike
0-1: Ball
1-1: Ball
2-1: Swinging Strike
2-2: Ball
3-2: Foul Ball, location: 9LSFF
3-2: SINGLE (Groundball, 56D, EV 97.5 MPH)
Pitching: LHP Robert Rangel
Batting: RHB Mike Perkins 0-0: SINGLE (Line Drive, 89M, EV 91.3 MPH)
Jason Massey to second
Batting: RHB Jim Unknown 0-0: Ball
1-0: Ball
2-0: Called Strike
2-1: Swinging Strike
2-2: Foul Ball, location: 5F
2-2: Foul Ball, location: 23FF
2-2: Foul Ball, location: 5SF
2-2: Ball
3-2: Strikes out looking
Pinch Hitting: RHB Jayden Shirley 0-0: Ball
1-0: Ball
2-0: Called Strike
2-1: SINGLE (Line Drive, 4D, EV 98.1 MPH)
Jason Massey to third
Mike Perkins to second
Runner from 3rd tries for Home, SAFE, throw by RF to home
Pinch Hitting: RHB Bobby Cruz 0-0: Ball
1-0: Foul Ball, location: 2F
1-1: Swinging Strike
1-2: Strikes out swinging
Bottom of the 6th over - 1 run, 3 hits, 0 errors, 2 left on base; Atlanta (GCL) 1 - Baltimore (GCL) 1
TOP OF THE 7TH
Atlanta (GCL) Braves batting - Pitching for Baltimore (GCL) Orioles : RHP Carlos Moreno
Now at SS: Jayden Shirley
Now in CF: Octavio Salgado
Pinch Hitting: RHB Luis Garcia 0-0: Fly out, F3 (Popup, 23F, EV 81.9 MPH)
Batting: RHB Alan Combs 0-0: Ball
1-0: Swinging Strike
1-1: Reached on error, E5 (Groundball, 56S, EV 82.5 MPH)
Batting: RHB Josh Orrick 0-0: Ball
Alan Combs steals 2nd base
1-0: Intentional Walk
Batting: RHB Jim Unknown 0-0: Called Strike
0-1: Swinging Strike
0-2: Ball
1-2: Strikes out swinging
Pinch Hitting: RHB Victor Tamez 0-0: SINGLE (Groundball, 6, EV 106.9 MPH)
Alan Combs to third
Josh Orrick to second
Runner from 3rd tries for Home, SAFE, throw by LF to home
Batting: RHB Chris Bjork 0-0: Called Strike
0-1: Called Strike
0-2: Strikes out looking
Top of the 7th over - 1 run, 1 hit, 1 error, 2 left on base; Atlanta (GCL) 2 - Baltimore (GCL) 1
BOTTOM OF THE 7TH
Baltimore (GCL) Orioles batting - Pitching for Atlanta (GCL) Braves : LHP Robert Rangel
Now at 3B: Edwin Flores
Now in CF: Agustin Arroyo
Batting: RHB Danny Santiago 0-0: Ground out 6-3 (Groundball, 6, EV 86.3 MPH)
Batting: RHB Melvin Paredes 0-0: Ball
1-0: Ground out 6-3 (Groundball, 6, EV 86.3 MPH)
Batting: RHB Edwin Santiago 0-0: Ball
1-0: Swinging Strike
1-1: SINGLE (Line Drive, 6D, EV 100.6 MPH)
Batting: RHB Francisco Ferrer 0-0: Foul Ball, location: 7LSF
0-1: Fly out, F8 (Flyball, 8RM, EV 81.9 MPH)
Bottom of the 7th over - 0 runs, 1 hit, 0 errors, 1 left on base; Atlanta (GCL) 2 - Baltimore (GCL) 1
TOP OF THE 8TH
Atlanta (GCL) Braves batting - Pitching for Baltimore (GCL) Orioles : RHP Carlos Moreno
Pitching: RHP Antonio Samano
Batting: SHB Vincent Santos 0-0: Ball
1-0: Foul Ball, location: 2F
1-1: Ball
2-1: Foul Ball, location: 2F
2-2: Foul Ball, location: 23F
2-2: Foul Ball, location: 7LDF
2-2: Ball
3-2: Foul Ball, location: 7LDF
3-2: Foul Ball, location: 2F
3-2: Base on Balls
Batting: RHB Luiz Innis 0-0: Called Strike
0-1: Ball
1-1: Grounds into double play, 5-4-3 (Groundball, 56, EV 102.5 MPH)
Batting: RHB Dan Sullivan 0-0: Called Strike
0-1: SINGLE (Flyball, 8LS, EV 99.4 MPH)
Batting: LHB Agustin Arroyo 0-0: Ball
1-0: Swinging Strike
1-1: Ball
2-1: Foul Ball, location: 7LSF
2-2: Ground out U3 (Groundball, 3, EV 83.8 MPH)
Top of the 8th over - 0 runs, 1 hit, 0 errors, 1 left on base; Atlanta (GCL) 2 - Baltimore (GCL) 1
BOTTOM OF THE 8TH
Baltimore (GCL) Orioles batting - Pitching for Atlanta (GCL) Braves : LHP Robert Rangel
Pitching: RHP Emilio Almodovar
Batting: RHB Ricardo Cabrera 0-0: Ball
1-0: Ball
2-0: Called Strike
2-1: Swinging Strike
2-2: Strikes out swinging
Batting: RHB Mike Perkins 0-0: Ball
1-0: Swinging Strike
1-1: Ground out 6-3 (Groundball, 6, EV 105.6 MPH)
Batting: RHB Jim Unknown 0-0: Ball
1-0: Ball
2-0: Called Strike
2-1: Foul Ball, location: 5F
2-2: Foul Ball, location: 7LDF
2-2: Ball
3-2: Foul Ball, location: 2LF
3-2: Foul Ball, location: 3F
3-2: Ground out 6-3 (Groundball, 6, EV 79.4 MPH)
Bottom of the 8th over - 0 runs, 0 hits, 0 errors, 0 left on base; Atlanta (GCL) 2 - Baltimore (GCL) 1
TOP OF THE 9TH
Atlanta (GCL) Braves batting - Pitching for Baltimore (GCL) Orioles : RHP Antonio Samano
Pinch Hitting: RHB Omar Medina 0-0: Ground out 6-3 (Groundball, 6, EV 102.5 MPH)
Pinch Hitting: RHB Sean Doane 0-0: Ball
1-0: Ball
2-0: Ball
3-0: Called Strike
3-1: Swinging Strike
3-2: Strikes out swinging
Batting: RHB Jim Unknown 0-0: Ball
1-0: Foul Ball, location: 9LSF
1-1: SINGLE (Groundball, 6MS, EV 79.4 MPH) (infield hit)
Pinch Hitting: RHB Anderson Stutts 0-0: Ball
1-0: Ball
2-0: Ball
3-0: Called Strike
3-1: Base on Balls
Jim Unknown to second
Batting: RHB Chris Bjork 0-0: Called Strike
0-1: Ground out 1-3 (Groundball, P, EV 64.4 MPH)
Top of the 9th over - 0 runs, 1 hit, 0 errors, 2 left on base; Atlanta (GCL) 2 - Baltimore (GCL) 1
BOTTOM OF THE 9TH
Baltimore (GCL) Orioles batting - Pitching for Atlanta (GCL) Braves : RHP Emilio Almodovar
Now at 1B: Anderson Stutts
Now at 3B: Serguei Eliasberg
Now in LF: Agustin Arroyo
Now in CF: Tomas Melgar
Batting: RHB Jayden Shirley 0-0: Ball
1-0: Swinging Strike
1-1: Called Strike
1-2: Ball
2-2: Strikes out looking
Pinch Hitting: RHB Jose Trujillo 0-0: Called Strike
0-1: Ball
1-1: SINGLE (Line Drive, 4MD, EV 98.1 MPH)
Pinch Hitting: RHB Mike Baine 0-0: SINGLE (Line Drive, 4D, EV 104.4 MPH)
Jose Trujillo to second
Batting: RHB Melvin Paredes 0-0: Foul Ball, location: 3F
0-1: Ball
1-1: Ball
2-1: Foul Ball, location: 9LMF
2-2: Fly out, F4 (Popup, 3D, EV 67.5 MPH)
Batting: RHB Edwin Santiago 0-0: Fly out, F4 (Popup, 4, EV 74.4 MPH)
Bottom of the 9th over - 0 runs, 2 hits, 0 errors, 2 left on base; Atlanta (GCL) 2 - Baltimore (GCL) 1
Sunday, April 14th , 2024 - OOTP Baseball 24.11 Build 85